 Dungeon Crawl Stone Soup version 0.14.0-26-g1682e81 (webtiles) character file.

15006318 bart the Conqueror (level 27, 291/298 HPs)
             Began as a Naga Fighter on Apr 24, 2014.
             Was the Champion of Ashenzari.
             Escaped with the Orb
             ... and 15 runes on Apr 26, 2014!
             The game lasted 10:54:40 (105299 turns).

bart the Conqueror (Naga Fighter)                 Turns: 105299, Time: 10:54:40

HP 291/298       AC 49     Str 31      XL: 27
MP  33/45        EV 53     Int 16      God: Ashenzari [******]
Gold 10779       SH 51     Dex 34      Spells: 13 memorised,  8 levels left

rFire  + . .     SeeInvis +     b - +9,+7 bastard sword (elec)
rCold  + + .     Clarity  +     I - +2 faerie dragon armour {Str+5 Dex+4}
rNeg   + + +     Conserve +     Q - +3 large shield {rF+} (curse)
rPois  +         rCorr    +     X - +2 helmet {Int+3} (curse)
rElec  .         rRot     +     i - +2 cloak {rCorr, Cons} (curse)
SustAb . .       Spirit   .     s - +2 pair of fencer's gloves {EV+3 Dex+3 Acc+8}
rMut   +         Warding  .     h - +4 naga barding {rC+} (curse)
Saprov . . .     Stasis   .     J - cursed amulet of resist mutation
MR     +++++                    F - cursed ring of the Mage {Wiz MR++ Int+3}
                                T - cursed ring "Steas" {rPois rN+ MR+ Dex+2 Acc+3 Dam+6}

@: lich-form, repel missiles, phasing, mighty, agile, mildly poisoned, very
slow, almost entirely resistant to hostile enchantments, very stealthy
A: spit poison, constrict 1, see invisible, deformed body, poison resistance,
slowness 2, AC +9
a: Spit Poison, End Transformation, Scrying, Transfer Knowledge, Renounce
Religion
0: Orb of Zot
}: 15/15 runes: barnacled, slimy, silver, golden, iron, obsidian, icy, bone,
abyssal, demonic, glowing, magical, fiery, dark, gossamer


You escaped.
You worshipped Ashenzari.
Ashenzari was exalted by your worship.
You were not hungry.
You were in lich-form.
You visited 19 branches of the dungeon, and saw 100 of its levels.
You visited Pandemonium 2 times, and saw 58 of its levels.
You visited the Abyss 1 time.
You visited 3 Ziggurats, and saw 41 of their levels (deepest: 15).
You also visited: Sewer, Ice Cave and Volcano.

You collected 14951 gold pieces.
You spent 4172 gold pieces at shops.

Inventory:

Hand weapons
 a - a +8,+7 eudemon blade of holy wrath
 b - a +9,+7 bastard sword of electrocution (weapon)
 c - a +2,+2 dagger of protection
Armour
 h - a cursed +4 naga barding of cold resistance (worn)
 i - a cursed +2 cloak of preservation (worn)
 k - the cursed +2 cloak "Zutelar" {rF+}
   (You acquired it on level 8 of a ziggurat)

   It protects you from fire.
   It has a curse placed upon it.
 s - the cursed +2 pair of fencer's gloves (worn) {EV+3 Dex+3 Acc+8}
   (You found it on level 11 of a ziggurat)

   It affects your evasion (+3).
   It affects your dexterity (+3).
   It affects your accuracy with ranged weapons and melee attacks (+8).
   It has a curse placed upon it.
 I - the cursed +2 faerie dragon armour (worn) {Str+5 Dex+4}
   (You took it off the Enchantress on level 4 of the Depths)

   It affects your strength (+5).
   It affects your dexterity (+4).
   It has a curse placed upon it.
 Q - a cursed +3 large shield of fire resistance (worn)
 X - a cursed +2 helmet of intelligence (worn)
Magical devices
 d - a wand of digging (14)
 j - a wand of lightning (5)
 x - a wand of hasting (8)
 y - a wand of teleportation (7)
 O - a wand of teleportation (9)
 V - a wand of confusion (11)
 Y - a wand of disintegration (0)
Comestibles
 m - 15 bread rations
Scrolls
 f - 5 scrolls of enchant armour
 r - 9 scrolls of remove curse
 w - 18 scrolls of identify
 z - 3 scrolls of magic mapping
 D - 6 scrolls of fog
 S - 13 scrolls of blinking
 U - a scroll of teleportation
 W - 2 scrolls of curse armour
Jewellery
 l - the ring "Mnualu" {Hunger rC++ Str+3 Dex+4 Dam+6}
   (You found it on level 14 of a ziggurat)

   [ring of slaying]

   It affects your damage with ranged weapons and melee attacks (+6).
   It affects your strength (+3).
   It affects your dexterity (+4).
   It greatly protects you from cold.
   It speeds your metabolism.
 p - an uncursed amulet of warding
 F - the cursed ring of the Mage (right hand) {Wiz MR++ Int+3}
   (You found it on level 3 of the Tomb of the Ancients)

   [ring of wizardry]

   It affects your intelligence (+3).
   It affects your resistance to hostile enchantments.
   It has a curse placed upon it.
 H - an uncursed ring of regeneration
 J - a cursed amulet of resist mutation (around neck)
 N - the ring "Laulojoe" {rElec rPois}
   (You took it off a seraph in Pandemonium)

   [ring of poison resistance]

   It insulates you from electricity.
 T - the cursed ring "Steas" (left hand) {rPois rN+ MR+ Dex+2 Acc+3 Dam+6}
   (You found it on level 3 of the Tomb of the Ancients)

   [ring of slaying]

   It affects your accuracy with ranged weapons and melee attacks (+3).
   It affects your damage with ranged weapons and melee attacks (+6).
   It affects your dexterity (+2).
   It protects you from poison.
   It protects you from negative energy.
   It affects your resistance to hostile enchantments.
   It has a curse placed upon it.
 Z - an uncursed ring of protection from cold
Potions
 n - 2 potions of cure mutation
 o - 6 potions of curing
 t - a potion of resistance
 v - a potion of agility
 C - 8 potions of heal wounds
 K - 6 potions of restore abilities
Books
 g - a Necronomicon {highlevel}

   Spells                             Type                      Level
   Haunt                              Necromancy/Summoning         7
   *Borgnjor's Revivification         Necromancy                   8
   Death's Door                       Charms/Necromancy            8
   *Necromutation                     Transmutation/Necromancy     8
Miscellaneous
 q - a fan of gales
 u - a disc of storms
 B - a phial of floods
 G - a lamp of fire
 L - a lamp of fire
 P - a phial of floods
 R - a phial of floods
Rods
 e - a +1 rod of inaccuracy (12/12)
   (You found it on level 11 of a ziggurat)
 E - a +8 lightning rod (13/13)
   (You found it on level 6 of the Pits of Slime)
 M - a +1 rod of inaccuracy (12/12)
   (You found it on level 2 of the Elven Halls)


   Skills:
 O Level 27 Fighting
 - Level 12.7 Short Blades
 - Level 17.1 Long Blades
 - Level 8.0 Maces & Flails
 + Level 21.5 Armour
 - Level 22.6(25.9) Dodging
 - Level 24.4(27) Stealth
 - Level 12.6(15.2) Shields
 - Level 18.0 Spellcasting
 - Level 7.1(11.6) Hexes
 - Level 13.5(17.6) Charms
   Level 13.0(17.1) Summonings
 - Level 16.4(20.3) Necromancy
 - Level 15.5(19.4) Translocations
 - Level 16.4(20.2) Transmutations
 - Level 8.1(12.5) Air Magic
 - Level 24.3(27) Evocations


You had 8 spell levels left.
You knew the following spells:

 Your Spells              Type           Power        Failure   Level  Hunger
a - Spectral Weapon       Hex/Chrm       ######..     1%          3    N/A
b - Repel Missiles        Chrm/Air       ######       0%          2    N/A
c - Flight                Chrm/Air       ######....   1%          3    N/A
d - Song of Slaying       Chrm           ######..     0%          2    N/A
e - Blink                 Tloc           N/A          0%          2    N/A
f - Control Teleport      Chrm/Tloc      ######....   1%          4    N/A
g - Phase Shift           Tloc           ######....   1%          5    N/A
A - Apportation           Tloc           ######....   0%          1    N/A
B - Controlled Blink      Tloc           N/A          1%          7    N/A
H - Haste                 Chrm           ######..     1%          6    N/A
N - Necromutation         Trmt/Necr      #######...   4%          8    N/A
R - Regeneration          Chrm/Necr      #######...   0%          3    N/A
Y - Borgnjor's Revivific  Necr           #######...   4%          8    N/A

Dungeon Overview and Level Annotations

Branches:
Dungeon (15/15)            Temple (1/1) D:4             Orc (4/4) D:12
    Elf (3/3) Orc:4          Lair (8/8) D:11         Shoals (5/5) Lair:6
 Spider (5/5) Lair:5        Slime (6/6) Lair:7       Vaults (5/5) D:13
  Blade (1/1) Vaults:4      Crypt (5/5) Vaults:2       Tomb (3/3) Crypt:2
   Hell (1/1)                 Dis (7/7) Hell            Geh (7/7) Hell
    Coc (7/7) Hell            Tar (7/7) Hell            Zot (5/5) Depths:5
 Depths (5/5) D:15

Altars:
Ashenzari
Cheibriados
Dithmenos
Elyvilon
Fedhas
Kikubaaqudgha
Makhleb
Nemelex Xobeh
Okawaru
Sif Muna
Trog
Vehumet
Xom
Yredelemnul
Beogh
Jiyva

Shops:
D:12 [   D:14 *:(:!   Orc:4 ?=*[(   Elf:1 !   Elf:3 (   Shoals:1 *   Shoals:4 ?
Vaults:1 =   Vaults:3 [   Depths:2 ?   Depths:3 %

Portals:
Hell: Depths:1 Depths:2 Depths:3 Depths:4 Depths:5
Abyss: Depths:4
Pandemonium: Depths:3

Annotations:
Blade Sojobo
Depths:4 exclusion: ice statue


Innate Abilities, Weirdness & Mutations

You cannot wear boots.
You can spit poison.
You can use your snake-like lower body to constrict enemies.*
Your serpentine skin is tough (AC +9).*
You have supernaturally acute eyesight.
Armour fits poorly on your strangely shaped body.*
Your system is resistant to poisons.*
You cover ground very slowly.*


Message History

There is a staircase leading out of the dungeon here.
Drink which item? (? for menu, Esc to quit)
You feel agile all of a sudden.
You feel sick.
Drink which item? (? for menu, Esc to quit)
You feel very mighty all of a sudden.
Casting: Song of Slaying
Confirm with . or Enter, or press ? or * to list all spells.
Your body is suffused with negative energy!
Your +8,+7 eudemon blade of holy wrath falls away!
Your +8,+7 eudemon blade of holy wrath stops glowing.
You are now empty-handed.
Unknown command.
Casting: Necromutation
Confirm with . or Enter, or press ? or * to list all spells.
You feel the strange sensation of being on two planes at once.
Wield which item (- for none, * to show all)? (? for menu, Esc to quit)
You hear the crackle of electricity.
b - a +9,+7 bastard sword of electrocution (weapon)
You have escaped!

#≈#≈##≈≈≈##≈#≈#...........
##≈#≈#≈##≈f#≈#≈###.........
#f≈#≈#≈#{≈##≈#≈.#########..
##≈#≈#≈##≈≈≈≈#≈## #..
#≈#≈##≈####f#≈# * #..
#≈##≈##≈≈≈###≈# { #..
##.##≈####≈≈≈## #..
##≈##≈≈≈##f## * #..
##.###≈L### * #######..
##..#.## * #...>....
#.....# #.##.##.. #.....#
.#.##.##.. #.#####
.......... #.# *##.##.##..
#.# #.##.##.. #.# #........
########.#### ####.##.#


There were no monsters in sight!

Vanquished Creatures
  Antaeus (Coc:7)
  Asmodeus (Geh:7)
  Cerebov (Pan)
  the royal jelly (Slime:6)
  Ereshkigal (Tar:7)
  Gloorx Vloq (Pan)
  Mnoleg (Pan)
  Lom Lobon (Pan)
  The ghost of SkaryMonk the Annihilator, a legendary DEFE of Vehumet (Tomb:3)
  Dispater (Dis:7)
  2 orbs of fire
  Khufu (Tomb:1)
  the Serpent of Hell (Tar:7)
  11 ancient liches
  21 greater mummies
  A seraph (Pan)
  Saint Roka (Elf:2)
  Boris (twice) (Vaults:3 Tomb:3)
  A curse toe (Zot:1)
  18 pandemonium lords
  A silver star (Pan)
  Mara (Depths:3)
  Mennas (Crypt:4)
  8 Killer Klowns
  Geryon (Hell)
  4 profane servitors
  6 golden dragons
  Jory (Depths:4)
  5 electric golems
  2 pearl dragons (Pan)
  Frederick (Depths:3)
  the Enchantress (Depths:4)
  Arachne (Spider:3)
  12 bone dragons
  13 Brimstone Fiends
  2 hellephants (Abyss:5)
  10 Hell Sentinels
  11 liches
  14 tentacled monstrosities
  20 Ice Fiends
  3 deep elf blademasters
  26 Orb Guardians
  13 Shadow Fiends
  7 deep elf master archers
  6 titans
  3 quicksilver dragons
  10 sphinxes
  13 acid blobs
  30 Executioners
  2 tentacled starspawn (Zig:6)
  17 storm dragons
  2 thorn hunters
  A kraken (Shoals:2)
  A sphinx (shapeshifter) (Zig:3)
  8 ancient champions
  Kirke (Spider:3)
  15 daevas (Pan)
  5 draconian monks
  7 revenants
  12 fire giants
  11 shadow dragons
  5 tengu reavers
  12 azure jellies
  Ilsuiw (Shoals:5)
  12 deep elf sorcerers
  5 ghouls
  3 orc warlords
  Wiglaf (Crypt:2)
  20 vault wardens
  8 draconian scorchers
  11 frost giants
  39 balrugs
  5 greater nagas
  Aizul (Spider:5)
  Louise (Spider:5)
  10 ghost moths
  17 angels (Pan)
  9 iron dragons (Dis:7)
  8 draconian zealots
  Gastronok (D:12)
  14 emperor scorpions
  6 draconian knights
  17 cacodemons
  An octopode crusher (Depths:3)
  7 draconian annihilators
  4 spriggan defenders
  48 reapers
  10 warmongers (Pan)
  14 blood saints (Pan)
  5 grey draconians
  4 war gargoyles
  6 deep elf demonologists
  3 draconian shifters
  17 stone giants
  A stone giant (shapeshifter) (Zig:11)
  3 draconian callers
  17 ophanim (Pan)
  18 apis (Pan)
  2 salamander firebrands
  5 green draconians
  11 chaos champions
  36 shedu (Pan)
  13 deep elf annihilators
  9 pale draconians
  13 phoenixes (Pan)
  8 red draconians
  3 curse skulls
  8 lorocyprocas
  5 black suns (Pan)
  7 white draconians
  6 corrupters (Pan)
  11 yellow draconians
  7 vampire knights
  4 mottled draconians
  4 black draconians
  A death ooze (Slime:6)
  2 unborn
  22 green deaths
  6 purple draconians
  9 deep elf death magi
  A crystal guardian (Vaults:4)
  31 blizzard demons
  8 ettins
  2 minotaurs
  3 sirens
  6 merfolk javelineers
  23 eidola
  16 jiangshi
  33 vault guards
  5 great orbs of eyes
  29 mummy priests
  3 quicksilver dragon zombies
  15 yaktaur captains
  2 spectral krakens (Tar:7)
  12 merfolk impalers
  11 ironheart preservers
  3 kraken zombies
  10 dire elephants
  5 spriggan air magi
  A spectral demonspawn (Pan)
  11 fire dragons
  8 rakshasas
  6 death cobs
  12 hydras
  27 ice dragons
  10 deep elf high priests
  A naga warrior (Zig:11)
  2 quicksilver dragon skeletons
  19 monstrous demonspawn (Pan)
  A shambling mangrove (Zig:8)
  2 anacondas
  15 deep troll earth magi
  2 alligator snapping turtles
  19 dancing weapons
  14 ogre magi
  2 alligators (Zig:13)
  Erica (Lair:1)
  7 merfolk aquamancers
  6 deep dwarf death knights
  40 death yaks
  8 thrashing horrors
  2 hell hogs (Hell)
  4 orc high priests
  5 plague shamblers
  4 spectral elves
  10 vampire magi
  13 deep troll shamans
  60 sun demons
  A spriggan enchanter (Zig:9)
  21 hell knights
  38 soul eaters
  A shock serpent (shapeshifter) (Vaults:5)
  2 spriggan berserkers (Depths:4)
  10 centaur warriors
  A shock serpent (Zig:2)
  3 titan zombies
  Nergalle (Orc:2)
  A fire crab (Vaults:2)
  26 large abominations
  4 storm dragon zombies
  An iron golem (Hell)
  3 titan skeletons
  30 deep elf knights
  A wretched star (Zig:6)
  45 skeletal warriors
  17 very ugly things
  24 gelid demonspawn (Pan)
  4 giant orange brains
  A spatial maelstrom (Zig:1)
  16 sea snakes
  11 iron trolls
  7 storm dragon skeletons
  12 shadow wraiths
  22 ice devils
  6 anaconda zombies
  5 golden dragon zombies
  3 ghost moth zombies
  10 cherubim (Pan)
  48 deep trolls
  A giant orange brain (shapeshifter) (Vaults:5)
  3 swamp dragons (shapeshifter)
  9 flayed ghosts
  4 swamp dragons
  28 infernal demonspawn (Pan)
  27 putrid demonspawn
  22 torturous demonspawn
  6 water nymphs
  Erolcha (D:9)
  20 deep elf summoners
  3 spriggan druids
  11 ironbrand convokers
  25 shadow demons
  9 hill giants
  24 necromancers
  7 ice statues
  A kraken simulacrum (Coc:7)
  4 unseen horrors
  3 shadow dragon zombies
  A sphinx zombie (Crypt:3)
  3 naga ritualists (Zig:11)
  12 orc knights
  17 orb spiders
  13 griffons
  3 anaconda skeletons
  21 harpies
  10 hellions
  Joseph (Orc:1)
  4 golden dragon skeletons
  A harpy (shapeshifter) (Vaults:5)
  2 mana vipers (Zig:11)
  5 flaming corpses
  5 orc sorcerers
  8 frost giant zombies
  2 iron dragon zombies
  16 red wasps
  A very ugly thing zombie (Hell)
  8 fire giant zombies
  5 wizards
  2 stone giant zombies
  6 manticores
  3 salamanders
  23 deep elf conjurers
  6 shining eyes
  5 fauns
  9 cyclopes
  20 phantasmal warriors
  4 draconian zombies
  11 oklob plants
  29 wolf spiders
  3 shadow dragon skeletons
  3 sphinx skeletons
  33 sixfirhies
  A manticore (shapeshifter) (Vaults:5)
  21 moths of wrath
  2 apocalypse crabs (Zig:11)
  6 guardian serpents
  2 demonspawn zombies (Pan)
  9 stone giant skeletons
  An octopode (shapeshifter) (Vaults:3)
  21 vault sentinels
  20 elephants
  7 fire giant skeletons
  Maurice (D:12)
  5 frost giant skeletons
  4 iron dragon skeletons
  6 mermaids
  2 spriggan zombies
  An item mimic (Elf:2)
  21 spiny frogs
  6 molten gargoyles
  2 dire elephant zombies
  A spriggan skeleton (Zig:12)
  2 storm dragon simulacra
  5 naga magi
  7 black mambas
  53 smoke demons
  25 tormentors
  4 vapours (Pan)
  The ghost of CatPlusPlus the Changer, an experienced DrTm (D:5)
  46 orange demons
  Psyche (D:9)
  A mottled draconian zombie (Crypt:2)
  2 eyes of devastation (Pan)
  5 feature mimics
  2 emperor scorpion zombies
  A pale draconian zombie (Zot:1)
  A black draconian zombie (Zot:1)
  3 dire elephant skeletons
  2 gargoyles
  2 death yak zombies
  A grey draconian zombie (Zot:1)
  2 titan simulacra
  36 demonic crawlers
  3 kobold demonologists
  12 efreet
  5 spectral humans
  A jumping spider (shapeshifter) (Vaults:2)
  2 ancient zymes
  2 golden dragon simulacra
  24 iron devils
  A pale draconian skeleton (Crypt:3)
  A death yak skeleton (Zig:5)
  6 fire drakes
  62 yaktaurs
  2 silent spectres
  77 hellwings
  120 guardian mummies
  A komodo dragon (shapeshifter) (Depths:5)
  An iron troll skeleton (D:15)
  3 giant fireflies
  A queen bee (shapeshifter) (Zig:8)
  54 red devils
  A giant firefly (shapeshifter) (D:13)
  33 jumping spiders
  A catoblepas zombie (Crypt:2)
  6 anaconda simulacra
  10 hydra zombies
  7 komodo dragons
  A wandering mushroom (D:14)
  38 merfolk
  3 trolls
  10 deep elf priests
  20 blink frogs
  3 raiju
  2 polar bears (Depths:3)
  2 demonic crawler zombies
  A giant leech (shapeshifter) (Zig:11)
  29 freezing wraiths
  13 boggarts
  19 two-headed ogres
  6 hydra skeletons
  A minotaur skeleton (Tomb:2)
  2 shadow dragon simulacra
  A fire giant simulacrum (Zig:13)
  4 alligator zombies
  A harpy skeleton (Crypt:5)
  3 tengu simulacra
  A blink frog (shapeshifter) (Vaults:4)
  3 basilisks
  3 ettin zombies
  4 wind drakes
  A baby alligator (shapeshifter) (Depths:1)
  4 giant leeches
  4 ice dragon zombies
  3 fire vortices (D:13)
  A catoblepas skeleton (Pan)
  A red wasp zombie (Crypt:2)
  2 ravens (Zig:13)
  A grizzly bear (Zig:13)
  3 boulder beetles
  14 snapping turtles
  35 shadows
  20 brown oozes
  2 fire dragon zombies (Crypt:5)
  23 blue devils
  8 bog bodies
  35 deep elf magi
  3 frost giant simulacra
  A snapping turtle (shapeshifter) (Vaults:5)
  A trapdoor spider (shapeshifter) (Vaults:4)
  49 slime creatures
  11 vampires
  2 air elementals (Depths:4)
  A griffon skeleton (D:13)
  A brown ooze (shapeshifter) (Abyss:4)
  61 flying skulls
  3 spriggans
  9 sharks
  24 trapdoor spiders
  2 redbacks (shapeshifter)
  61 redbacks
  A dragon skeleton (Crypt:1)
  2 ice dragon skeletons (Crypt:1)
  2 ugly thing zombies
  2 alligator skeletons (Crypt:4)
  A hill giant zombie (Hell)
  3 ettin skeletons
  2 fire dragon skeletons
  20 water elementals
  25 wraiths
  5 fire bats
  2 golden eyes
  2 black mamba zombies
  A tarantella (shapeshifter) (D:14)
  35 tarantellas
  A wyvern (D:3)
  21 ynoxinuls
  A queen ant zombie (Crypt:1)
  2 fire elementals
  5 elf zombies
  2 steam dragons
  27 neqoxecs
  10 hippogriffs
  6 hogs (Spider:3)
  12 hungry ghosts
  Grum (D:10)
  25 vampire mosquitoes
  47 deep elf fighters
  6 hell beasts
  69 yaks
  9 wargs
  84 ugly things
  A hill giant skeleton (D:14)
  A plague shambler skeleton (Zig:10)
  16 wolves
  17 chaos spawn
  3 monstrous demonspawn zombies
  3 putrid demonspawn zombies (Pan)
  6 raven skeletons (Crypt:5)
  7 necrophages
  3 tengu zombies
  7 spiny frog zombies
  3 mottled dragons
  3 torturous demonspawn zombies (Pan)
  8 hydra simulacra
  3 infernal demonspawn zombies
  2 gelid demonspawn zombies (Pan)
  25 water moccasins
  4 small abominations
  36 ice beasts
  A manticore zombie (Crypt:5)
  49 orc warriors
  38 spiders
  An ettin simulacrum (Crypt:1)
  7 nagas
  An ice dragon simulacrum (Coc:2)
  14 porcupines
  5 sky beasts
  4 phantoms
  4 swamp drakes
  3 black bears
  3 snapping turtle zombies
  55 ogres
  17 hell hounds
  An alligator simulacrum (Coc:7)
  6 giant goldfish
  4 spiny frog skeletons
  8 yellow wasps
  2 swamp dragon zombies
  An elephant zombie (Crypt:1)
  4 boring beetles
  12 crocodiles
  28 centaurs
  4 big kobolds
  A blink frog skeleton (Crypt:4)
  3 snapping turtle skeletons
  4 boring beetles (shapeshifter)
  2 fire drake zombies (Crypt:1)
  A yaktaur zombie (Crypt:4)
  11 giant slugs
  4 lost souls
  Blork the orc (D:9)
  A silver statue (Zig:12)
  3 gnoll sergeants
  A giant slug zombie (Crypt:2)
  2 insubstantial wisps
  A cyclops zombie (D:12)
  An ogre simulacrum (D:15)
  A spiny frog simulacrum (Coc:2)
  An ugly thing skeleton (Crypt:2)
  8 giant frogs
  A wyvern skeleton (Crypt:3)
  A glowing shapeshifter simulacrum (Zig:13)
  8 scorpions
  6 eyes of draining
  7 killer bees (D:13)
  A troll zombie (Crypt:5)
  22 wights
  A shapeshifter zombie (Hell)
  6 electric eels
  2 elf simulacra
  2 tengu skeletons
  8 quasits
  A goliath beetle (Spider:1)
  11 crimson imps
  9 hounds
  A wolf zombie (Crypt:4)
  A yellow wasp zombie (Crypt:2)
  4 big fish
  9 human zombies
  35 orc priests
  A giant frog zombie (D:11)
  13 starcursed masses
  A gnoll shaman (D:9)
  8 jellies
  14 worker ants
  A black bear zombie (D:9)
  An elf skeleton (D:13)
  4 giant frog skeletons
  9 iron imps
  A human skeleton (Crypt:3)
  16 orange rats
  38 orc wizards
  A killer bee zombie (D:9)
  A lightning spire (Zig:7)
  9 iguanas
  20 sheep
  A naga zombie (Crypt:5)
  A dwarf zombie (Crypt:3)
  2 ogre zombies
  A crocodile skeleton (Crypt:3)
  A human simulacrum (Crypt:3)
  74 mummies
  A hound skeleton (Crypt:1)
  A hound zombie (D:7)
  26 gnolls
  70 green rats
  A swamp drake zombie (Crypt:1)
  34 adders
  2 orc zombies
  A worm zombie (Crypt:3)
  7 shadow imps
  3 giant mites
  12 white imps
  4 worms
  17 ufetubi
  3 orc skeletons
  An electric eel skeleton (Crypt:3)
  10 giant eyeballs
  8 giant geckos
  8 oozes
  215 orcs
  A ball python (Zig:3)
  A bat skeleton (D:5)
  A bat zombie (Crypt:3)
  4 giant cockroaches
  A green rat zombie (Crypt:4)
  12 hobgoblins
  25 jackals
  11 quokkas
  26 bats
  A giant gecko skeleton (D:5)
  8 giant newts
  A giant newt skeleton (D:4)
  3 giant spores (D:12)
  A gnoll zombie (Depths:2)
  21 goblins
  2 hobgoblin skeletons (D:6)
  A kobold (shapeshifter) (Depths:4)
  24 kobolds
  A kobold skeleton (Crypt:4)
  24 rats
  4 ballistomycetes (D:12)
  6 fungi
  4 grand avatars (Pan)
  9 plants
  4 starspawn tentacles (Zig:6)
  10 tentacles
  A tentacle segment (Hell)
  A toadstool (D:1)
5557 creatures vanquished.

Vanquished Creatures (collateral kills)
  An orb of fire (Zot:5)
  A Hell Sentinel (Dis:7)
  An Orb Guardian (Zot:5)
  A sphinx (Vaults:2)
  A blizzard demon (Coc:7)
  A green death (Zig:11)
  3 ice dragons (Coc:7)
  A hydra (Zig:8)
  An alligator (Zig:8)
  A large abomination (Zig:11)
  A deep troll (Vaults:1)
  An ironbrand convoker (Vaults:3)
  A shadow demon (Tar:7)
  A harpy (Vaults:2)
  A phantasmal warrior (Depths:4)
  2 orc sorcerers
  2 orange demons (Pan)
  A tormentor (Pan)
  A yaktaur (Vaults:2)
  A demonic crawler (Zig:14)
  A giant firefly (Depths:4)
  A raven (Zig:13)
  A bog body (Zig:13)
  A shadow (Zig:8)
  A blink frog (Lair:1)
  5 redbacks
  A spriggan (Depths:4)
  A chaos spawn (Zig:11)
  A golden eye (Zig:10)
  A vampire mosquito (Vaults:3)
  An ice beast (Zig:14)
  4 orc warriors
  2 swamp drakes (Zig:13)
  An ogre (Depths:4)
  A giant slug (Lair:8)
  An eye of draining (Zig:11)
  2 orc priests
  A starcursed mass (Zig:11)
  An orc wizard (Orc:4)
  An orange rat (Zig:14)
  An adder (Lair:8)
  A shadow imp (Zig:11)
  7 orcs
62 creatures vanquished.

Vanquished Creatures (others)
  A tengu reaver (Depths:5)
  A draconian monk (Zot:4)
  70 spectral weapons
  A rakshasa (Vaults:2)
  A merfolk javelineer (Shoals:2)
  A siren (Shoals:5)
  A deep elf high priest (Zig:8)
  A deep elf death mage (Zig:15)
  A death cob (Zot:5)
  An ogre mage (Vaults:3)
  An orc high priest (Orc:4)
  An iron troll (Vaults:3)
  An ice devil (Coc:2)
  3 ball lightnings (Pan)
  A gelid demonspawn (Pan)
  An orc knight (Orc:4)
  A deep elf conjurer (Vaults:5)
  2 sixfirhies
  A demonspawn zombie (Pan)
  14 drowned souls
  A black mamba (Zig:11)
  26 water elementals
  14 fire elementals
  3 yaktaurs
  A merfolk (Shoals:5)
  2 blue devils (Orc:4)
  2 fire vortices (Pan)
  An elf zombie (Zig:12)
  A raven (Zig:13)
  A spriggan (Depths:4)
  2 deep elf magi (Vaults:5)
  A flying skull (Zig:12)
  A wraith (Dis:7)
  A yak (Zig:9)
  A dire elephant simulacrum (Tomb:3)
  An ugly thing (Vaults:3)
  A chaos spawn (Zig:11)
  3 deep elf fighters
  A steam dragon (shapeshifter) (Zig:11)
  A naga (Zig:11)
  A water moccasin (Zig:13)
  2 orc warriors (Orc:4)
  2 ice beasts
  2 centaurs (D:15)
  15 lost souls
  A wight (Geh:5)
  An electric eel (D:14)
  An iguana (Lair:1)
  6 orange rats
  An adder (Zig:13)
  An ufetubus (Pan)
  3 orcs
  A quokka (Lair:1)
  A briar patch (Zig:13)
  14 eldritch tentacle segments (Tar:5)
  2 fungi
  5 plants
  4 starspawn tentacles (Zig:6)
  29 starspawn tentacle segments (Zig:6)
  24 tentacles
  250 tentacle segments
  6 toadstools (D:1)
542 creatures vanquished.

Grand Total: 6161 creatures vanquished

Notes
Turn   | Place    | Note
--------------------------------------------------------------
     0 | D:1      | bart, the Naga Fighter, began the quest for the Orb.
     0 | D:1      | Reached XP level 1. HP: 21/21 MP: 1/1
   301 | D:1      | Reached XP level 2. HP: 28/28 MP: 2/2
   598 | D:2      | Reached XP level 3. HP: 32/34 MP: 3/3
  1164 | D:3      | Reached skill level 4 in Maces & Flails
  1386 | D:3      | Reached XP level 4. HP: 40/42 MP: 4/4
  1559 | D:3      | Noticed a wyvern
  1559 | D:3      | a worm changed into a wyvern
  1565 | D:3      | Killed a wyvern
  1565 | D:3      | Reached skill level 6 in Maces & Flails
  1565 | D:3      | Reached XP level 5. HP: 5/49 MP: 5/5
  1565 | D:3      | Reached XP level 6. HP: 5/56 MP: 6/6
  2248 | D:4      | Reached skill level 7 in Maces & Flails
  2329 | D:4      | Reached XP level 7. HP: 26/62 MP: 7/7
  2411 | D:4      | Found a staircase to the Ecumenical Temple.
  2438 | Temple   | Entered the Ecumenical Temple
  2481 | Temple   | Became a worshipper of Ashenzari the Shackled
  2664 | D:4      | HP: 2/62 [iguana (13)]
  2685 | D:4      | Reached skill level 8 in Maces & Flails
  2742 | D:4      | Found a sparkling altar of Nemelex Xobeh.
  2850 | D:4      | Found a glowing drain.
  2858 | Sewer    | Entered a sewer
  2977 | Sewer    | Found a white marble altar of Elyvilon.
  3204 | D:4      | Reached skill level 9 in Maces & Flails
  3204 | D:4      | Reached XP level 8. HP: 66/69 MP: 8/8
  3279 | D:5      | Entered Level 5 of the Dungeon
  3284 | D:5      | Noticed CatPlusPlus' ghost (experienced DrTm)
  4147 | D:5      | Found a white marble altar of Elyvilon.
  4307 | D:5      | Found an ancient bone altar of Kikubaaqudgha.
  4443 | D:5      | Found a basalt altar of Yredelemnul.
  4496 | D:5      | Killed CatPlusPlus' ghost
  4496 | D:5      | Reached skill level 10 in Maces & Flails
  4579 | D:5      | Reached skill level 11 in Maces & Flails
  4579 | D:5      | Reached XP level 9. HP: 39/75 MP: 9/9
  5683 | D:7      | Noticed a komodo dragon
  5683 | D:7      | a water moccasin changed into a komodo dragon
  5742 | D:7      | Acquired Ashenzari's first power
  5783 | D:7      | Found an iron altar of Okawaru.
  6113 | D:7      | Reached skill level 12 in Maces & Flails
  7183 | D:9      | Reached skill level 13 in Maces & Flails
  7250 | D:9      | Paralysed by a potion of paralysis for 2 turns
  7254 | D:9      | Gained mutation: Your body is slowly deteriorating. [potion of mutation]
  7254 | D:9      | Gained mutation: You have a fast metabolism. [potion of mutation]
  7254 | D:9      | Gained mutation: You have sharp fingernails. [potion of mutation]
  7441 | D:9      | Reached XP level 10. HP: 61/84 MP: 10/10
  7554 | D:9      | Noticed Blork the orc
  7562 | D:9      | Killed Blork the orc
  7928 | D:9      | Found a radiant altar of Vehumet.
  8019 | D:9      | Noticed Psyche
  8028 | D:9      | Killed Psyche
  8263 | D:9      | Noticed Erolcha
  8275 | D:9      | HP: 3/87 [Erolcha/crystal spear (49)]
  8281 | D:9      | Killed Erolcha
  8461 | D:9      | Reached skill level 5 in Fighting
  8567 | D:10     | Entered Level 10 of the Dungeon
  9020 | D:11     | Reached XP level 11. HP: 90/96 MP: 11/11
  9041 | D:11     | Noticed Grum
  9183 | D:9      | Gained mutation: You possess an exceptional clarity of mind. [potion of beneficial mutation]
  9340 | D:9      | Reached skill level 5 in Armour
  9408 | D:10     | Killed Grum
  9408 | D:10     | Reached skill level 5 in Shields
  9543 | D:11     | Reached skill level 14 in Maces & Flails
  9570 | D:10     | Noticed a hill giant
  9580 | D:10     | Killed a hill giant
  9735 | D:10     | the was a mimic.
  9848 | D:11     | Acquired Ashenzari's second power
 10141 | D:11     | Found a staircase to the Lair.
 10428 | D:11     | Noticed a hill giant
 10438 | D:11     | Killed a hill giant
 10889 | D:11     | Identified a scroll of acquirement
 10923 | D:11     | Paralysed by a giant eyeball for 2 turns
 11200 | Lair:1   | Entered Level 1 of the Lair of Beasts
 11397 | Lair:1   | Noticed Erica
 11432 | Lair:1   | Killed Erica
 11432 | Lair:1   | Reached skill level 1 in Evocations
 11447 | Lair:1   | Reached XP level 12. HP: 57/103 MP: 12/15
 11615 | Lair:1   | Reached skill level 15 in Maces & Flails
 12380 | Lair:2   | Acquired Ashenzari's third power
 12931 | Lair:3   | Noticed a death yak
 12931 | Lair:3   | Noticed a death yak
 12932 | Lair:3   | Noticed a death yak
 13053 | Lair:4   | Reached skill level 5 in Evocations
 13311 | Lair:4   | Identified the +11,+10 dagger of Musunamn {flame, *Tele rC+ Dex+3 Int+4 SInv}
 13455 | Lair:4   | Acquired Ashenzari's fourth power
 13612 | Lair:5   | Found a hole to the Spider Nest.
 13883 | Lair:5   | Reached XP level 13. HP: 105/117 MP: 21/23
 14129 | Lair:6   | the was a mimic.
 14326 | Lair:6   | Identified the +4,+11 war axe "Qoehul" {holy, +Blink rElec rC++}
 14583 | Lair:6   | Found a staircase to the Shoals.
 14722 | Lair:6   | Found a staircase to the Snake Pit.
 14997 | Lair:6   | the staircase to the Snake Pit was a mimic.
 15458 | Lair:7   | Reached skill level 10 in Armour
 16154 | Lair:8   | Entered Level 8 of the Lair of Beasts
 16263 | Lair:8   | Reached XP level 14. HP: 123/130 MP: 26/26
 16323 | Lair:8   | Reached skill level 10 in Fighting
 17143 | Lair:8   | Noticed a dire elephant
 17166 | Lair:8   | Killed a dire elephant
 17598 | Lair:8   | Identified the +7 plate armour of Folom {Str+3 Dex+4 Curse}
 18382 | Lair:3   | Killed a death yak
 18399 | Lair:3   | Killed a death yak
 18409 | Lair:3   | Killed a death yak
 18411 | Lair:3   | Noticed a death yak
 18431 | Lair:3   | Killed a death yak
 18649 | Lair:1   | Learned a level 6 spell: Haste
 18700 | D:12     | Noticed Maurice
 18729 | D:12     | Killed Maurice
 18778 | D:12     | Noticed Gastronok
 18821 | D:12     | Killed Gastronok
 18834 | D:12     | Found Fuotzuiz's Armour Shop.
 19526 | D:13     | Reached XP level 15. HP: 127/145 MP: 27/27
 19693 | D:13     | Found a gate to the Vaults.
 19712 | D:13     | Identified the +7,+5 broad axe of Preoqed {elec, rF+ Dex-3}
 20370 | D:14     | Found Qyunaach's Antique Weapon Shoppe.
 20376 | D:14     | Noticed Nessos
 20527 | D:14     | Noticed Nessos
 20527 | D:14     | Nessos changed into Nessos the moth of wrath
 20541 | D:14     | Killed Nessos the moth of wrath
 20568 | D:14     | Found a frozen archway.
 20595 | IceCv    | Entered an ice cave
 21296 | D:14     | Found Cakuc's Distillery.
 21345 | D:14     | Bought 2 potions of might for 95 gold pieces
 21359 | D:14     | Learned a level 3 spell: Regeneration
 21363 | D:14     | Learned a level 3 spell: Spectral Weapon
 21366 | D:14     | Found Claiwk's Book Boutique.
 21385 | D:14     | Found Gruceni's Book Shop.
 21503 | D:14     | Found Igudybu's Assorted Antiques.
 21628 | D:14     | Found a shimmering altar of Xom.
 21822 | D:15     | Entered Level 15 of the Dungeon
 22718 | D:15     | Found a staircase to the Depths.
 23062 | D:12     | Reached skill level 10 in Evocations
 23071 | D:12     | Found a staircase to the Orcish Mines.
 23252 | D:12     | Noticed a four-headed hydra
 23257 | D:12     | Killed a four-headed hydra
 23295 | Orc:1    | Entered Level 1 of the Orcish Mines
 23476 | Orc:1    | Found a roughly hewn altar of Beogh.
 23605 | Orc:1    | Noticed Joseph
 23628 | Orc:1    | Killed Joseph
 23777 | Orc:2    | Found a bloodstained altar of Trog.
 23860 | Orc:2    | Found a dark tunnel.
 23907 | Volcano  | Entered a volcano
 23964 | Volcano  | Found a burning altar of Makhleb.
 23981 | Volcano  | Reached XP level 16. HP: 136/159 MP: 29/29
 24422 | Orc:2    | Noticed Nergalle
 24426 | Orc:2    | Killed Nergalle
 24674 | Orc:4    | Entered Level 4 of the Orcish Mines
 24674 | Orc:4    | Found a staircase to the Elven Halls.
 24770 | Orc:4    | Found Wiashrume's Magic Scroll Shop.
 24805 | Orc:4    | Bought a scroll of blinking for 105 gold pieces
 24805 | Orc:4    | Bought a scroll of enchant weapon II for 77 gold pieces
 24805 | Orc:4    | Bought a scroll of enchant armour for 105 gold pieces
 24805 | Orc:4    | Bought a scroll of enchant armour for 105 gold pieces
 25062 | Orc:4    | Found a roughly hewn altar of Beogh.
 25409 | Orc:4    | Bought a scroll of remove curse for 42 gold pieces
 25409 | Orc:4    | Bought a scroll of remove curse for 42 gold pieces
 25409 | Orc:4    | Bought a scroll of remove curse for 42 gold pieces
 25409 | Orc:4    | Bought a scroll of silence for 105 gold pieces
 26205 | Orc:4    | Paralysed by an orc sorcerer for 6 turns
 26249 | Orc:4    | Found Maerea's Antique Armour Shop.
 26251 | Orc:4    | Found Plarung's Antique Weapon Boutique.
 26252 | Orc:4    | Found Ykeowk's General Store.
 26252 | Orc:4    | Found Fagaufa's Jewellery Shop.
 26267 | Orc:4    | Paralysed by an orc sorcerer for 5 turns
 26318 | Orc:4    | Bought the ring "Tynnarewn" {+cTele rF+ Acc+2} for 886 gold pieces
 26692 | Spider:1 | Entered Level 1 of the Spider Nest
 29172 | Spider:3 | Reached skill level 15 in Fighting
 29386 | Spider:3 | Noticed Arachne
 29445 | Spider:3 | Killed Arachne
 29465 | Spider:3 | Reached XP level 17. HP: 124/170 MP: 31/31
 29924 | Spider:3 | Noticed Kirke
 29934 | Spider:3 | Killed Kirke
 31172 | Spider:5 | Entered Level 5 of the Spider Nest
 31223 | Spider:5 | Identified the +12,+9 mace of Miaghyn {freeze, +Inv SInv}
 31229 | Spider:5 | Reached skill level 16 in Fighting
 31305 | Spider:5 | Noticed Louise
 31314 | Spider:5 | Killed Louise
 31593 | Spider:5 | Noticed Aizul
 31613 | Spider:5 | Killed Aizul
 31961 | Spider:5 | Reached skill level 15 in Armour
 33843 | Spider:5 | Reached XP level 18. HP: 149/183 MP: 32/32
 33977 | Spider:5 | Reached skill level 1 in Dodging
 33977 | Spider:5 | Reached skill level 1 in Charms
 34156 | Spider:5 | Got a gossamer rune of Zot
 34636 | Shoals:1 | Entered Level 1 of the Shoals
 34687 | Shoals:1 | Found Ysangeto's Assorted Antiques.
 34695 | Shoals:1 | Bought a scroll of remove curse for 93 gold pieces
 35455 | Shoals:1 | Reached skill level 5 in Charms
 36847 | Shoals:3 | Learned a level 2 spell: Repel Missiles
 37667 | Shoals:4 | Found Steaseuk's Magic Scroll Emporium.
 37679 | Shoals:4 | Learned a level 3 spell: Flight
 37682 | Shoals:4 | Bought a scroll of remove curse for 39 gold pieces
 37682 | Shoals:4 | Bought a scroll of brand weapon for 260 gold pieces
 37682 | Shoals:4 | Bought a scroll of magic mapping for 45 gold pieces
 37682 | Shoals:4 | Bought a scroll of enchant weapon I for 45 gold pieces
 37682 | Shoals:4 | Bought a scroll of teleportation for 39 gold pieces
 37682 | Shoals:4 | Bought a scroll of teleportation for 39 gold pieces
 37682 | Shoals:4 | Bought a scroll of teleportation for 39 gold pieces
 37682 | Shoals:4 | Bought a scroll of teleportation for 39 gold pieces
 37795 | Shoals:5 | Entered Level 5 of the Shoals
 38719 | Shoals:5 | Reached skill level 10 in Charms
 38764 | Shoals:5 | Identified the cursed +0,+1 trident "Khoar" {drain, rF+ Stlth+}
 40176 | Shoals:5 | Reached XP level 19. HP: 87/190 MP: 32/32
 40178 | Shoals:5 | Noticed Ilsuiw
 40723 | Shoals:4 | Reached skill level 1 in Spellcasting
 40874 | Shoals:5 | Killed Ilsuiw
 41959 | Shoals:5 | Got a barnacled rune of Zot
 42529 | Lair:1   | Learned a level 2 spell: Song of Slaying
 42669 | Vaults:1 | Entered Level 1 of the Vaults
 43089 | Vaults:1 | Reached skill level 5 in Spellcasting
 43979 | Vaults:1 | Found Klyan's Jewellery Shop.
 44215 | Vaults:2 | Found a staircase to the Crypt.
 45083 | Vaults:2 | Reached XP level 20. HP: 175/200 MP: 33/33
 45661 | Vaults:3 | Learned a level 2 spell: Swiftness
 45663 | Vaults:3 | Learned a level 1 spell: Apportation
 45845 | Vaults:3 | Found Nypnalyo's Armour Shop.
 45976 | Vaults:3 | Reached skill level 5 in Dodging
 46188 | Vaults:3 | Noticed Boris
 46211 | Vaults:3 | Killed Boris
 46543 | Vaults:3 | Reached skill level 10 in Spellcasting
 46975 | Vaults:3 | Upgraded the game from 0.14.0-25-g43f8a4e to 0.14.0-26-g1682e81
 47013 | Vaults:4 | Identified the +5,+6 bow "Naigh" {frost, rF+}
 47038 | Vaults:4 | Found a staircase to the Hall of Blades.
 47079 | Blade    | Entered the Hall of Blades
 47429 | Blade    | Noticed Sojobo
 47542 | Vaults:4 | Reached XP level 21. HP: 135/207 MP: 33/36
 47957 | Vaults:4 | Reached skill level 10 in Dodging
 48827 | Vaults:2 | Found a staircase to the Crypt.
 48833 | Crypt:1  | Entered Level 1 of the Crypt
 49097 | Crypt:1  | Identified the amulet of the Seven Nights {+Rage Int-2 Dam+3}
 49962 | Crypt:2  | Noticed Wiglaf
 49976 | Crypt:2  | Killed Wiglaf
 50643 | Crypt:3  | Learned a level 4 spell: Control Teleport
 50649 | Crypt:3  | Learned a level 5 spell: Phase Shift
 50723 | Crypt:3  | Reached skill level 1 in Translocations
 50992 | Crypt:3  | Reached XP level 22. HP: 192/216 MP: 34/37
 51209 | Crypt:3  | Found a basalt altar of Yredelemnul.
 51424 | Crypt:4  | Reached skill level 5 in Translocations
 51427 | Crypt:4  | Noticed Mennas
 51446 | Crypt:4  | Killed Mennas
 51525 | Crypt:4  | Reached skill level 1 in Long Blades
 52040 | Crypt:4  | Identified the cursed -2 leather armour "Zapletwit" {rC++ Str+1 Stlth++}
 52216 | Crypt:5  | Entered Level 5 of the Crypt
 52298 | Crypt:4  | Reached skill level 5 in Long Blades
 52631 | Crypt:5  | Found an ancient bone altar of Kikubaaqudgha.
 52931 | Crypt:5  | Noticed an ancient lich
 52962 | Crypt:5  | Killed an ancient lich
 53785 | Crypt:5  | Reached XP level 23. HP: 198/222 MP: 36/37
 54553 | Vaults:3 | Reached skill level 10 in Long Blades
 55068 | D:14     | Bought a scroll of enchant armour for 202 gold pieces
 55329 | Elf:1    | Entered Level 1 of the Elven Halls
 55381 | Elf:1    | Found Apta's Distillery.
 55391 | Elf:1    | Bought a potion of cure mutation for 525 gold pieces
 55392 | Elf:1    | Lost mutation: Your body is slowly deteriorating. [potion of cure mutation]
 55392 | Elf:1    | Lost mutation: You have a fast metabolism. [potion of cure mutation]
 55392 | Elf:1    | Lost mutation: You possess an exceptional clarity of mind. [potion of cure mutation]
 55393 | Elf:1    | Bought a potion of might for 37 gold pieces
 55393 | Elf:1    | Bought a potion of might for 37 gold pieces
 55393 | Elf:1    | Bought a potion of curing for 30 gold pieces
 55393 | Elf:1    | Bought a potion of restore abilities for 45 gold pieces
 56369 | Elf:3    | Entered Level 3 of the Elven Halls
 56441 | Elf:3    | Noticed Saint Roka
 56468 | Elf:2    | Killed Saint Roka
 56814 | Elf:3    | Found Hiyfite's Antique Weapon Boutique.
 57703 | Elf:3    | Identified the Collected Works on the Ensnaring Escort (You found it on level 3 of the Elven Halls)
 57726 | Elf:3    | Identified the Incunabulum of the Earthen Entourage
 57729 | Elf:3    | Identified Toresed's Compendium of Glacial Battle Magic
 57839 | Elf:3    | Identified the cursed -1 chain mail of the Empire {rF++}
 57847 | Elf:3    | Identified the ring "Retwet" {Wiz Str+2 Dex+1}
 57855 | Elf:3    | Identified the Disquisition on Feathers (You found it on level 3 of the Elven Halls)
 57894 | Elf:3    | Got an uncursed slimy amber ring
 57895 | Elf:3    | Identified the ring "Akluso Cait" {Hunger rF+} (You took it off a deep elf conjurer on level 3 of the Elven Halls)
 57895 | Elf:3    | Identified a +1 rod of inaccuracy (12/12) (You found it on level 2 of the Elven Halls)
 58296 | D:7      | Killed a komodo dragon
 58296 | D:7      | Reached skill level 10 in Shields
 59080 | Depths:1 | Entered Level 1 of the Depths
 59402 | Depths:1 | Reached XP level 24. HP: 183/230 MP: 24/38
 59460 | Depths:1 | Identified the +1 robe of Inviolability {Str+5 Int+3}
 59548 | Depths:1 | Found a gateway to Hell.
 59887 | Depths:2 | Found Plushriown's Magic Scroll Emporium.
 59894 | Depths:2 | Bought a scroll of blinking for 105 gold pieces
 59894 | Depths:2 | Bought a scroll of remove curse for 42 gold pieces
 59894 | Depths:2 | Bought a scroll of remove curse for 42 gold pieces
 59894 | Depths:2 | Bought a scroll of remove curse for 42 gold pieces
 59894 | Depths:2 | Bought a scroll of remove curse for 42 gold pieces
 59894 | Depths:2 | Bought a scroll of recharging for 133 gold pieces
 60612 | Depths:3 | Identified the cursed +0 scale mail "Wemauzex" {Dex-1 Int+1}
 60624 | Depths:3 | Found a one-way gate leading to the halls of Pandemonium.
 60671 | Depths:3 | Noticed Frederick
 60681 | Depths:3 | Killed Frederick
 60721 | Depths:3 | Reached skill level 1 in Necromancy
 60761 | Depths:3 | Reduced skill Maces & Flails to level 10
 60769 | Depths:3 | Paralysed by a giant eyeball for 4 turns
 60833 | Depths:3 | Found Vapebopn's Food Shoppe.
 60834 | Depths:3 | Noticed the Enchantress
 60928 | Depths:4 | Reached skill level 17 in Armour
 60937 | Depths:4 | Killed the Enchantress
 60937 | Depths:4 | Identified the +2 faerie dragon armour {Str+5 Dex+4} (You took it off the Enchantress on level 4 of the Depths)
 61010 | Depths:4 | Reached skill level 5 in Necromancy
 61178 | Depths:4 | Noticed Mara
 61179 | Depths:4 | Noticed bart's illusion
 61470 | Depths:3 | Learned a level 5 spell: Silence
 61757 | Depths:3 | Reached skill level 1 in Hexes
 61828 | Depths:3 | Reached skill level 1 in Air Magic
 61972 | Depths:4 | Noticed Jory
 61985 | Depths:4 | Killed Jory
 62007 | Depths:3 | Killed Mara
 62361 | Depths:4 | Reached skill level 18 in Armour
 62361 | Depths:4 | Reached XP level 25. HP: 236/239 MP: 38/38
 62382 | Depths:4 | Found a sparkling altar of Nemelex Xobeh.
 62428 | Depths:4 | Identified the +3 buckler "Trefoots" {Str+3 Int+4 Dam-1}
 62482 | Depths:4 | Found a snail-covered altar of Cheibriados.
 62810 | Depths:4 | Reached skill level 15 in Long Blades
 62918 | Depths:4 | Gained mutation: You are robust (+10% HP). [potion of beneficial mutation]
 62976 | Depths:4 | Found an ancient bone altar of Kikubaaqudgha.
 62986 | Depths:4 | Reached skill level 5 in Hexes
 63056 | Depths:4 | Reached skill level 5 in Air Magic
 63091 | Depths:4 | Found a shimmering altar of Xom.
 63091 | Depths:4 | Found a one-way gate to the infinite horrors of the Abyss.
 63139 | Depths:4 | Identified the cursed +1 leather armour "Urhaept" {Dex+3 Int-4} (You took it off a spriggan on level 4 of the Depths)
 63254 | Depths:4 | Found a gateway to a ziggurat.
 63651 | Depths:5 | Entered Level 5 of the Depths
 65466 | Vaults:5 | Entered Level 5 of the Vaults
 65485 | Vaults:5 | Reached XP level 26. HP: 266/271 MP: 28/39
 65942 | Vaults:5 | Identified the Papyrus of the Volcanoes and Attacks
 66168 | Vaults:5 | Reached skill level 15 in Evocations
 66319 | Vaults:5 | Got a silver rune of Zot
 66717 | Vaults:5 | Identified the Almanac of Quantum Enhancements
 66728 | Vaults:5 | Learned a level 7 spell: Controlled Blink
 67179 | D:14     | Bought a potion of curing for 38 gold pieces
 67425 | Crypt:2  | Found a staircase to the Tomb.
 67445 | Tomb:1   | Entered Level 1 of the Tomb of the Ancients
 67997 | Tomb:1   | Reached skill level 1 in Stealth
 68100 | Tomb:2   | Noticed Khufu
 68100 | Tomb:2   | Noticed a greater mummy
 68112 | Tomb:1   | Killed a greater mummy
 68112 | Tomb:1   | Reached XP level 27. HP: 285/285 MP: 36/39
 68118 | Tomb:1   | Killed Khufu
 68118 | Tomb:1   | Reached skill level 5 in Stealth
 68150 | Tomb:1   | Reached skill level 10 in Translocations
 68277 | Tomb:2   | Noticed a greater mummy
 68353 | Tomb:2   | Noticed a greater mummy
 68586 | Tomb:1   | Killed a greater mummy
 68664 | Tomb:2   | Noticed a greater mummy
 68767 | Tomb:2   | Noticed a greater mummy
 68778 | Tomb:1   | Killed a greater mummy
 68832 | Tomb:1   | Killed a greater mummy
 68905 | Tomb:2   | Killed a greater mummy
 69653 | Tomb:3   | Entered Level 3 of the Tomb of the Ancients
 70350 | Tomb:3   | Noticed SkaryMonk's ghost (legendary DEFE)
 70529 | Tomb:3   | Killed SkaryMonk's ghost
 71047 | Tomb:3   | Got a golden rune of Zot
 71397 | Tomb:3   | Gained mutation: You are clumsy. (Dex -2) [a neqoxec]
 71565 | Tomb:3   | Noticed Boris
 71595 | Tomb:3   | Killed Boris
 71595 | Tomb:3   | Reached skill level 15 in Translocations
 71717 | Tomb:3   | Identified the +2 robe "Klupip" {rF+}
 71768 | Tomb:3   | Got an uncursed shimmering bone ring
 71992 | Tomb:3   | Identified the cursed -3 plate armour "Chynif" {+Inv rN+}
 72033 | Tomb:3   | Identified the Compendium of Creative Venom
 72088 | Tomb:3   | Identified the ring "Steas" {rPois rN+ MR+ Dex+2 Acc+3 Dam+6} (You found it on level 3 of the Tomb of the Ancients)
 72094 | Tomb:3   | Identified the Incunabulum of Attacks and the Volcanoes (You found it on level 3 of the Tomb of the Ancients)
 72097 | Tomb:3   | Identified the Collected Works on Fire
 72762 | Orc:4    | Bought an uncursed amulet of conservation for 390 gold pieces
 73104 | Vaults:1 | Bought an uncursed amulet of resist corrosion for 220 gold pieces
 73377 | Depths:5 | Found a gate to the Realm of Zot.
 73383 | Zot:1    | Entered Level 1 of the Realm of Zot
 73637 | Zot:1    | Reached skill level 10 in Necromancy
 74616 | Zot:2    | Noticed an orb of fire
 75612 | Zot:4    | Identified a +1 cloak of preservation (You took it off a red draconian on level 4 of the Realm of Zot)
 75871 | Zot:4    | Learned a level 8 spell: Necromutation
 76013 | Zot:4    | Reached skill level 1 in Transmutations
 76157 | Zot:5    | Entered Level 5 of the Realm of Zot
 76455 | Zot:5    | Reached skill level 5 in Transmutations
 76657 | Zot:5    | Noticed an orb of fire
 76662 | Zot:5    | Gained mutation: Your magical capacity is low (-10% MP). [an orb of fire]
 76666 | Zot:5    | Killed an orb of fire
 76770 | Zot:5    | Noticed an ancient lich
 76791 | Zot:5    | Killed an ancient lich
 76864 | Zot:5    | Noticed an ancient lich
 76864 | Zot:5    | Noticed an ancient lich
 76865 | Zot:5    | Noticed an ancient lich
 76869 | Zot:5    | Noticed an ancient lich
 76879 | Zot:5    | Killed an ancient lich
 76935 | Zot:5    | Killed an ancient lich
 77045 | Zot:5    | Reached skill level 10 in Transmutations
 77121 | Zot:5    | Noticed an ancient lich
 77138 | Zot:5    | Killed an ancient lich
 77160 | Zot:5    | Killed an ancient lich
 77260 | Zot:5    | Noticed an orb of fire
 77285 | Zot:5    | Killed an orb of fire
 77367 | Zot:5    | Noticed an ancient lich
 77391 | Zot:5    | Killed an ancient lich
 77425 | Zot:5    | Killed an ancient lich
 77455 | Zot:5    | Noticed an ancient lich
 77487 | Zot:5    | Killed an ancient lich
 77697 | Zot:5    | Noticed an ancient lich
 77706 | Zot:5    | Killed an ancient lich
 77726 | Zot:5    | Reached skill level 15 in Necromancy
 78181 | Zot:2    | Killed an orb of fire
 79010 | Lair:7   | Identified a +4 rod of ignition (11/11) (You took it off a deep elf mage on level 3 of the Elven Halls)
 79012 | Lair:7   | Found a staircase to the Slime Pits.
 79033 | Lair:7   | Reached skill level 15 in Transmutations
 79059 | Slime:1  | Entered Level 1 of the Pits of Slime
 79522 | Slime:5  | Paralysed by a giant eyeball for 3 turns
 79528 | Slime:5  | Paralysed by a giant eyeball for 2 turns
 79540 | Slime:6  | Entered Level 6 of the Pits of Slime
 79589 | Slime:6  | Noticed the royal jelly
 79589 | Slime:6  | Found a viscous altar of Jiyva.
 79600 | Slime:6  | Killed the royal jelly
 79718 | Slime:6  | Identified the Almanac of the Manifold Eyes
 79754 | Slime:6  | Got a slimy rune of Zot
 80579 | Zig:1    | Entered Level 1 of a ziggurat
 80596 | Zig:2    | Entered Level 2 of a ziggurat
 80625 | Zig:3    | Entered Level 3 of a ziggurat
 80652 | Zig:3    | Lost mutation: Your magical capacity is low (-10% MP). [potion of cure mutation]
 80652 | Zig:3    | Lost mutation: You have sharp fingernails. [potion of cure mutation]
 80652 | Zig:3    | Lost mutation: You are clumsy. (Dex -2) [potion of cure mutation]
 80652 | Zig:3    | Lost mutation: You are robust (+10% HP). [potion of cure mutation]
 80655 | Zig:3    | Gained mutation: You are partially covered in rough black scales (AC +4, Dex -1). [potion of beneficial mutation]
 80671 | Zig:4    | Entered Level 4 of a ziggurat
 80791 | Zig:5    | Entered Level 5 of a ziggurat
 80795 | Zig:5    | Identified a +2 cloak of preservation
 80863 | Zig:6    | Entered Level 6 of a ziggurat
 80952 | Zig:7    | Entered Level 7 of a ziggurat
 81194 | Zig:8    | Entered Level 8 of a ziggurat
 81269 | Zig:8    | Identified the amulet "Tieses" {Gourm rC+}
 81321 | Zig:8    | Identified the cursed +2 cloak "Zutelar" {rF+} (You acquired it on level 8 of a ziggurat)
 81395 | Zig:9    | Entered Level 9 of a ziggurat
 81412 | Zig:9    | Reached skill level 15 in Spellcasting
 81476 | Zig:9    | Identified the +2 buckler of Twilight {MR++ Stlth}
 81557 | Zig:10   | Entered Level 10 of a ziggurat
 81579 | Zig:10   | Identified the cursed +2 robe "Psomujos" {rC++ rN+ Int+2}
 81675 | Zig:10   | Identified the +0 leather armour "Utiher" {+Fly rN+}
 81706 | Zig:10   | Learned a level 8 spell: Borgnjor's Revivification
 81711 | Zig:11   | Entered Level 11 of a ziggurat
 81774 | Zig:11   | Paralysed by accursed screaming for 1 turns
 81778 | Zig:11   | Reached skill level 15 in Stealth
 81779 | Zig:11   | Paralysed by accursed screaming for 1 turns
 81824 | Zig:11   | Identified the cursed -4 plate armour of Abanof {rC+ Stlth++}
 81974 | Zig:12   | Entered Level 12 of a ziggurat
 82238 | Zig:12   | Identified the +1 pair of boots "Klutwel" {Str-1 Int+2}
 82271 | Zig:12   | Reached skill level 19 in Stealth
 82346 | Zig:12   | Reached skill level 20 in Stealth
 82640 | Zig:13   | Entered Level 13 of a ziggurat
 82770 | Zig:13   | Identified the cursed -5 chain mail of the Heavens {Int+2}
 82773 | Zig:13   | Identified the +4 ring mail of the Will of the Gods {Str+2 Acc+4 Curse}
 82886 | Pan      | Entered Pandemonium
 82986 | Pan      | Reached skill level 1 in Short Blades
 83145 | Pan      | Found an exit through the horrors of the Abyss.
 83272 | Pan      | Noticed Gibrorph the pandemonium lord
 83282 | Pan      | Killed Gibrorph the pandemonium lord
 83307 | Pan      | Reached skill level 5 in Short Blades
 83758 | Pan      | Noticed Ploruh the pandemonium lord
 83762 | Pan      | Killed Ploruh the pandemonium lord
 83895 | Pan      | Noticed Umnelote the pandemonium lord
 83900 | Pan      | Killed Umnelote the pandemonium lord
 84675 | Pan      | Found a glowing silver altar of Zin.
 84764 | Pan      | Reached skill level 10 in Short Blades
 85731 | Pan      | Identified the +0 robe "Ufeocraf" {Str+1 Dex-3} (You took it off a cherub in Pandemonium)
 85746 | Pan      | Identified the ring "Laulojoe" {rElec rPois} (You took it off a seraph in Pandemonium)
 85746 | Pan      | Reached skill level 15 in Dodging
 85764 | Pan      | Identified the cursed -1 scale mail "Fykk" {Dex+5 Int+5} (You took it off an angel in Pandemonium)
 85799 | Pan      | Identified the amulet "Ahidureeci" {Spirit Dam+5} (You took it off a cherub in Pandemonium)
 85871 | Pan      | Found a glowing golden altar of the Shining One.
 85880 | Pan      | Got a demonic rune of Zot
 86523 | Pan      | Found a white marble altar of Elyvilon.
 86841 | Pan      | Found a gateway to a ziggurat.
 86841 | Pan      | Found an exit through the horrors of the Abyss.
 86854 | Zig:1    | Entered Level 1 of a ziggurat
 86871 | Zig:2    | Entered Level 2 of a ziggurat
 86917 | Zig:3    | Entered Level 3 of a ziggurat
 86919 | Zig:3    | Noticed Ryrorgh the pandemonium lord
 86934 | Zig:3    | Killed Ryrorgh the pandemonium lord
 86956 | Zig:4    | Entered Level 4 of a ziggurat
 86991 | Zig:5    | Entered Level 5 of a ziggurat
 87150 | Zig:6    | Entered Level 6 of a ziggurat
 87307 | Zig:7    | Entered Level 7 of a ziggurat
 87332 | Zig:8    | Entered Level 8 of a ziggurat
 87497 | Zig:9    | Entered Level 9 of a ziggurat
 87806 | Zig:10   | Entered Level 10 of a ziggurat
 88038 | Zig:11   | Entered Level 11 of a ziggurat
 88145 | Zig:11   | Identified the ring "Zamelume" {rN+ Dex+5 Int+3}
 88235 | Zig:12   | Entered Level 12 of a ziggurat
 88433 | Zig:13   | Entered Level 13 of a ziggurat
 88691 | Pan      | Noticed Heozila the pandemonium lord
 88700 | Pan      | Killed Heozila the pandemonium lord
 88700 | Pan      | Reached skill level 21 in Fighting
 88849 | Pan      | Found an exit through the horrors of the Abyss.
 88884 | Pan      | Noticed Huluma Twip the pandemonium lord
 88889 | Pan      | Killed Huluma Twip the pandemonium lord
 89110 | Pan      | Found an exit through the horrors of the Abyss.
 89160 | Pan      | Entered the realm of Lom Lobon.
 89707 | Pan      | Noticed Lom Lobon
 89728 | Pan      | Killed Lom Lobon
 89746 | Pan      | Got a magical rune of Zot
 89968 | Pan      | Found an exit through the horrors of the Abyss.
 90081 | Pan      | Noticed Khir the pandemonium lord
 90250 | Pan      | Found an exit through the horrors of the Abyss.
 90274 | Pan      | Killed Khir the pandemonium lord
 90435 | Pan      | Identified the ring "Grodeq" {SustAb Str+3 Dex-5}
 90692 | Pan      | Found an exit through the horrors of the Abyss.
 90768 | Pan      | Found an exit through the horrors of the Abyss.
 90798 | Pan      | Entered the realm of Mnoleg.
 91024 | Pan      | Reached skill level 22 in Fighting
 91187 | Pan      | Noticed Mnoleg
 91310 | Pan      | Killed Mnoleg
 91328 | Pan      | Got a glowing rune of Zot
 91406 | Pan      | Entered the realm of Gloorx Vloq.
 91550 | Pan      | Noticed Gloorx Vloq
 91843 | Pan      | Killed Gloorx Vloq
 91953 | Pan      | Got a dark rune of Zot
 93062 | Pan      | Identified the +4 ring mail "Shref" {Str-2 Dex-4} (You found it in Pandemonium)
 93226 | Pan      | Noticed Treapt the pandemonium lord
 93241 | Pan      | Killed Treapt the pandemonium lord
 93398 | Pan      | Entered the realm of Cerebov.
 93506 | Pan      | Found an exit through the horrors of the Abyss.
 93535 | Pan      | Identified Roxanne's Tome of the Mountains
 93553 | Pan      | Reached skill level 23 in Evocations
 93608 | Pan      | Identified the +0 robe of the Lonely Souls {+Rage +Inv rN+}
 93669 | Pan      | Identified the Handbook of Hexes
 93789 | Pan      | Noticed Cerebov
 93829 | Pan      | Killed Cerebov
 93960 | Pan      | Got a fiery rune of Zot
 94615 | Pan      | Found an exit through the horrors of the Abyss.
 94615 | Pan      | Noticed Gri Jaosch the pandemonium lord
 94639 | Pan      | Killed Gri Jaosch the pandemonium lord
 94762 | Pan      | Reached skill level 24 in Evocations
 94910 | Pan      | Found an exit through the horrors of the Abyss.
 94967 | Pan      | Noticed Zycoaw the pandemonium lord
 94986 | Pan      | Killed Zycoaw the pandemonium lord
 95108 | Pan      | Found an exit through the horrors of the Abyss.
 95357 | Pan      | Found an exit through the horrors of the Abyss.
 95385 | Pan      | Identified the cursed -1 leather armour "Ankemn" {rElec Acc+3}
 95421 | Pan      | Noticed Ippiote the pandemonium lord
 95427 | Pan      | Killed Ippiote the pandemonium lord
 95636 | Pan      | Found an exit through the horrors of the Abyss.
 95971 | Pan      | Found an exit through the horrors of the Abyss.
 96078 | Pan      | Noticed Sefoir the pandemonium lord
 96641 | Pan      | Found an exit through the horrors of the Abyss.
 96735 | Pan      | Found an exit through the horrors of the Abyss.
 97007 | Pan      | Found an exit through the horrors of the Abyss.
 97059 | Depths:3 | Escaped Pandemonium
 97061 | Pan      | Entered Pandemonium
 97138 | Pan      | Noticed Muom the pandemonium lord
 97150 | Pan      | Killed Muom the pandemonium lord
 97273 | Pan      | Noticed Pnim Ere the pandemonium lord
 97307 | Pan      | Found an exit through the horrors of the Abyss.
 97387 | Pan      | Found an exit through the horrors of the Abyss.
 97388 | Pan      | Noticed Shruy the pandemonium lord
 97400 | Pan      | Killed Shruy the pandemonium lord
 97460 | Pan      | Found a gateway to a ziggurat.
 97468 | Pan      | Paralysed by a giant eyeball for 4 turns
 97480 | Pan      | Paralysed by a giant eyeball for 3 turns
 97488 | Zig:1    | Entered Level 1 of a ziggurat
 97502 | Zig:2    | Entered Level 2 of a ziggurat
 97528 | Zig:3    | Entered Level 3 of a ziggurat
 97549 | Zig:4    | Entered Level 4 of a ziggurat
 97549 | Zig:4    | Identified the ring of Elitism {Dex+2 Int+2}
 97640 | Zig:5    | Entered Level 5 of a ziggurat
 97685 | Zig:6    | Entered Level 6 of a ziggurat
 97733 | Zig:7    | Entered Level 7 of a ziggurat
 97851 | Zig:8    | Entered Level 8 of a ziggurat
 97860 | Zig:8    | Identified the ring "Wigo" {rN+ Dex+3 Int-2}
 97861 | Zig:8    | Identified the +12 crystal plate armour "Gafitzin" {Int+1}
 97942 | Zig:8    | Identified the Almanac of the Glacier (You found it on level 8 of a ziggurat)
 97959 | Zig:9    | Entered Level 9 of a ziggurat
 97984 | Zig:9    | Reached skill level 1 in Summonings
 98079 | Zig:10   | Entered Level 10 of a ziggurat
 98083 | Zig:10   | Noticed Pnola the pandemonium lord
 98093 | Zig:10   | Noticed Staynt the pandemonium lord
 98098 | Zig:10   | Killed Pnola the pandemonium lord
 98100 | Zig:10   | Noticed Phink the pandemonium lord
 98100 | Zig:10   | Killed Staynt the pandemonium lord
 98100 | Zig:10   | Reached skill level 5 in Summonings
 98108 | Zig:10   | Killed Phink the pandemonium lord
 98120 | Zig:10   | Noticed Qiusoin the pandemonium lord
 98137 | Zig:10   | Killed Qiusoin the pandemonium lord
 98152 | Zig:10   | Identified the +2 robe of Phoutoaxeq {Str+5 Acc+3}
 98164 | Zig:10   | Identified the +1 robe of Epi Cir {Dex+3 Int+5 Curse}
 98166 | Zig:10   | Identified the cursed -2 robe "Eloi" {+Inv Dex-5}
 98190 | Zig:11   | Entered Level 11 of a ziggurat
 98199 | Zig:11   | Identified the ring of the Present {rPois Dex+1 Int+3}
 98252 | Zig:11   | Noticed Plirhaf the pandemonium lord
 98265 | Zig:11   | Killed Plirhaf the pandemonium lord
 98265 | Zig:11   | Reached skill level 10 in Summonings
 98297 | Zig:11   | Identified the Grimoire of Calling (You found it on level 11 of a ziggurat)
 98339 | Zig:12   | Entered Level 12 of a ziggurat
 98557 | Zig:12   | Identified a +3 rod of inaccuracy (11/11) (You found it on level 10 of a ziggurat)
 98559 | Zig:12   | Identified a +1 rod of inaccuracy (12/12) (You found it on level 11 of a ziggurat)
 98593 | Zig:13   | Entered Level 13 of a ziggurat
 98763 | Zig:13   | Got the long sword of Conformity {slice, rElec}
 98764 | Zig:13   | Identified the +8,+1 long sword of Conformity {slice, rElec} (You found it on level 13 of a ziggurat)
 98809 | Zig:14   | Entered Level 14 of a ziggurat
 98831 | Zig:14   | Identified the ring "Mnualu" {Hunger rC++ Str+3 Dex+4 Dam+6}
 99015 | Zig:14   | Identified the ring of Xiukalay {Fire Dex+1 Int+2}
 99045 | Zig:14   | Identified Borgnjor's Almanac of Lucky Stolen Souls
 99055 | Zig:14   | Learned a level 2 spell: Blink
 99135 | Zig:15   | Entered Level 15 of a ziggurat
 99333 | Pan      | Found an exit through the horrors of the Abyss.
 99351 | Pan      | Took an exit into the Abyss.
 99351 | Abyss:1  | Escaped into the Abyss
 99351 | Abyss:1  | Found a corrupted altar of Lugonu.
 99621 | Abyss:5  | Entered Level 5 of the Abyss
 99674 | Abyss:5  | Got an abyssal rune of Zot
 99728 | Depths:3 | Escaped the Abyss
 99786 | Hell     | Entered the Vestibule of Hell
 99786 | Hell     | Noticed Geryon
 99822 | Hell     | Killed Geryon
 99849 | Hell     | Lost mutation: You are partially covered in rough black scales (AC +4, Dex -1). [the power of Zot]
 99916 | Hell     | Found a gateway to the decaying netherworld of Tartarus.
 99923 | Tar:1    | Entered Level 1 of Tartarus
100170 | Tar:7    | Entered Level 7 of Tartarus
100451 | Tar:7    | Noticed the Serpent of Hell
100457 | Tar:7    | Killed the Serpent of Hell
100462 | Tar:7    | Noticed Ereshkigal
100479 | Tar:7    | Killed Ereshkigal
100499 | Tar:7    | Identified the cursed -4 chain mail of Psyzxiynt {Dex-1 Int+3}
100506 | Tar:7    | Got a bone rune of Zot
100601 | Hell     | Found a gateway to the freezing wastes of Cocytus.
100736 | Coc:1    | Entered Level 1 of Cocytus
101106 | Coc:7    | Entered Level 7 of Cocytus
101347 | Coc:7    | Identified the ring of the Dolphin {Ice Str+2 Int+2}
101693 | Coc:7    | Noticed Antaeus
101755 | Coc:7    | Killed Antaeus
101930 | Coc:7    | Got an icy rune of Zot
102248 | Hell     | Found a gateway to the Iron City of Dis.
102273 | Dis:1    | Entered Level 1 of the Iron City of Dis
102592 | Dis:7    | Entered Level 7 of the Iron City of Dis
102706 | Dis:7    | Reached skill level 25 in Fighting
102797 | Dis:7    | Noticed Dispater
102976 | Dis:7    | Killed Dispater
102996 | Dis:7    | Identified the ring of Equilibrium {Ice Str-3 Int+4}
103001 | Dis:7    | Got an iron rune of Zot
103043 | Hell     | Found a gateway to the ashen valley of Gehenna.
103075 | Geh:1    | Entered Level 1 of Gehenna
103085 | Geh:1    | Reached skill level 26 in Fighting
103244 | Geh:7    | Entered Level 7 of Gehenna
104057 | Geh:7    | Reached skill level 27 in Fighting
104104 | Geh:7    | Noticed Asmodeus
104116 | Geh:7    | Killed Asmodeus
104128 | Geh:7    | Got an obsidian rune of Zot
104464 | Zot:5    | Noticed an ancient lich
104473 | Zot:5    | Killed an ancient lich
104476 | Zot:5    | Got the Orb of Zot
104758 | Depths:4 | Noticed Ahehuy the pandemonium lord
105299 | D:$      | Escaped with the Orb!

Action                   |  1- 3 |  4- 6 |  7- 9 | 10-12 | 13-15 | 16-18 | 19-21 | 22-24 | 25-27 || total
-------------------------+-------+-------+-------+-------+-------+-------+-------+-------+-------++-------
Melee: Flail             |    42 |   105 |   591 |   294 |       |       |       |       |       ||  1032
       Mace              |       |     5 |     2 |       |       |       |       |       |       ||     7
       Morningstar       |       |       |       |  1046 |  1811 |  2531 |  2295 |  1460 |       ||  9143
       Eudemon blade     |       |       |       |       |       |       |       |  1109 |  4025 ||  5134
       Bastard sword     |       |       |       |       |       |       |       |       |  5686 ||  5686
       Dagger            |       |       |       |       |       |       |       |       |    22 ||    22
 Fire: Blowgun           |       |     5 |     3 |     1 |       |       |       |       |       ||     9
Throw: Tomahawk          |       |       |    12 |     9 |       |       |       |       |       ||    21
       Javelin           |       |       |       |       |    28 |     5 |       |       |       ||    33
 Cast: Flight            |       |       |       |       |       |     1 |     2 |     7 |    22 ||    32
       Regeneration      |       |       |       |       |       |       |    63 |    62 |   398 ||   523
       Spectral Weapon   |       |       |       |       |       |       |    35 |    39 |    90 ||   164
       Song of Slaying   |       |       |       |       |       |       |    18 |    33 |    85 ||   136
       Repel Missiles    |       |       |       |       |       |       |     6 |    11 |    13 ||    30
       Haste             |       |       |       |       |       |       |     5 |     7 |    84 ||    96
       Control Teleport  |       |       |       |       |       |       |     1 |     3 |    16 ||    20
       Swiftness         |       |       |       |       |       |       |       |     1 |     2 ||     3
       Apportation       |       |       |       |       |       |       |       |       |    35 ||    35
       Silence           |       |       |       |       |       |       |       |       |    29 ||    29
       Necromutation     |       |       |       |       |       |       |       |       |    90 ||    90
       Phase Shift       |       |       |       |       |       |       |       |       |    35 ||    35
       Controlled Blink  |       |       |       |       |       |       |       |       |    24 ||    24
Invok: Scrying           |       |       |       |       |     1 |     1 |       |       |     3 ||     5
       Transfer Knowledg |       |       |       |       |       |       |       |     2 |       ||     2
 Abil: Spit Poison       |    21 |    31 |    70 |    86 |     8 |     3 |     3 |       |       ||   222
       Evoke Invisibilit |       |       |       |       |     1 |    17 |    10 |     1 |     3 ||    32
       Evoke Berserk Rag |       |       |       |       |       |     2 |       |       |       ||     2
       Evoke Teleport Co |       |       |       |       |       |       |     3 |       |       ||     3
       End Transformatio |       |       |       |       |       |       |       |       |    18 ||    18
Evoke: Wand              |       |     1 |     3 |    20 |    16 |    14 |     2 |     3 |    26 ||    85
       Phial of floods   |       |       |       |       |       |     1 |     2 |     2 |    15 ||    20
       Lamp of fire      |       |       |       |       |       |       |     4 |     1 |    13 ||    18
       Rod               |       |       |       |       |       |       |       |       |    37 ||    37
       Disc of storms    |       |       |       |       |       |       |       |       |     1 ||     1
  Use: Potion            |       |     1 |    13 |     4 |     7 |     3 |     1 |     5 |    51 ||    85
       Scroll            |       |     7 |     5 |    21 |    14 |    10 |     9 |    37 |    90 ||   193
 Stab: Distracted        |       |       |       |     1 |     4 |     3 |    14 |    11 |    81 ||   114
       Invisible         |       |       |       |       |     9 |    58 |    61 |    10 |    14 ||   152
       Sleeping          |       |       |       |       |       |       |       |     2 |    89 ||    91
       Confused          |       |       |       |       |       |       |       |       |     2 ||     2

Vault maps used:
D:1:      nagdon_arrival_double_spiral, minmay_misc_feat_tower
D:2:      kennysheep_small_spiral
D:3:      nicolae_overflow_hidden_temple
D:4:      nemelex_xobeh_ov_fountains_minmay,
          minmay_temple_entry_statues_pillars, first_bread,
          gup_sewer_entry_bubbles
D:5:      kiku_gazebo_pond_becter, grunt_temple_overflow_holy_war,
          elyvilon_altar_3
D:6:      serial_bayou_lagoon_a
D:7:      lemuel_coloured_pillars_altar, cheibriados_altar_1, the_bakery,
          minivault_24, minmay_mini_ossuary
D:9:      old_standard_altar, roderic_roman_lattice,
          hangedman_abyss_or_decor_stagger, uniq_erolcha, uniq_blork_the_orc,
          uniq_psyche
D:10:     serial_shops, kennysheep_mini_moat, grunt_dithmenos_smoke_and_mirrors,
          uniq_josephine
D:11:     minmay_lair_entry_grove, uniq_grum
D:12:     orc_0_dummy, serial_shops, nicolae_shop_trees, uniq_gastronok,
          uniq_maurice
D:13:     lightli_vaults_fourway_checkpoint, hangedman_incinerator
D:14:     hangedman_decor_slide_cut, serial_shops, shop, shop, shop_coins, shop,
          nicolae_shop_stone, portal_ice_cave_entry_pillars_02, serial_pond,
          minmay_pond_plants_i, minmay_pond_fungi_d, minmay_pond_plants_l,
          minmay_pond_plants_d, minmay_pond_plants_l, minmay_pond_fungi_h,
          minmay_pond_plants_q, minmay_pond_plants_ab, xom_teletrap_fun,
          uniq_nessos
D:15:     gammafunk_depths_entry_grave, minivault_24
Temple:   jpeg_temple_alley_garden_8
Orc:1:    nicolae_orc_flooded_monolith, mines2_david, uniq_joseph
Orc:2:    nicolae_volcano_entry_lava_flow, trog_butcher_becter, uniq_nergalle
Orc:3:    nicolae_orc_pool_cavern
Orc:4:    serial_shops, nicolae_shop_waterfront, st_orc_congregation,
          mines2_david
Elf:1:    serial_shops, nicolae_shop_crystal
Elf:2:    spider_trap, corexii_checkpoint_a, lemuel_flamethrower_3,
          basic_stair_grate_trap
Elf:3:    minmay_elf_hall_dome, serial_shops, nicolae_shop_crystal,
          uniq_saint_roka
Lair:1:   lemuel_yak_island, uniq_erica
Lair:3:   grunt_forest_large_clearings
Lair:4:   roderic_carrion_pond, bh_autumn_forest_stairs
Lair:5:   spider_nest_entry_web_field, st_stairs_8
Lair:6:   minmay_swamp_entry_worms, minmay_shoals_entry_centaurs,
          minmay_snake_entry_guardpost_small, infiniplex_staircase_pool
Lair:7:   minmay_slime_entry_oklob_enclosed, st_stairs_13, serial_bayou_shore_b
Lair:8:   evil_forest, st_stairs_3, serial_bayou_pond_b,
          bobbens_dragon_lair_wall, uniq_harold
Shoals:1: serial_shops, shop, nicolae_shoals_stone_sculpture_thing
Shoals:4: serial_shops, shop, nicolae_shoals_dead_sea_scrolls
Shoals:5: shoals_end_simple, shoals_ilsuiw_alternative
Spider:1: nicolae_trapdoor_corridor
Spider:3: spider_trap, uniq_kirke, uniq_arachne
Spider:4: guppyfry_wasp_nest
Spider:5: spider_rune_water, uniq_aizul, uniq_louise
Slime:3:  nicolae_slime_welcoming_committee
Slime:4:  nicolae_slime_phagocytosis
Vaults:1: ontoclasm_vaults_claustrophobia, v_misc_17, vaults_room_ringed_pool,
          nicolae_vaults_what_the_h, vaults_room_semicircle, v_misc_24,
          dpeg_vaults_monster_box, nicolae_vaults_alarming,
          nicolae_vaults_little_squares_2, vaults_room_door_ring,
          vaults_room_stairs_pillars, serial_shops, shop
Vaults:2: v_misc_8, ontoclasm_vaults_gateway, nicolae_vaults_octagons,
          hangedman_vaults_nails, minmay_crypt_entry_simple_round,
          nicolae_vaults_diagonal_hallway_9, v_misc_8, vaults_room_boxed,
          vaults_mumra_minichess_inversion, v_misc_14,
          grunt_vaults_hallway_short, ontoclasm_vaults_ring_small,
          vaults_room_door_hall, hangedman_vaults_restitches,
          grunt_vaults_funnel
Vaults:3: vaults_room_grunt_arrival_ludios, v_misc_12, v_misc_25,
          ontoclasm_vaults_decontamination, ontoclasm_vaults_pinch, v_pattern_4,
          v_rooms_4, nicolae_vaults_border_crossing, vaults_dpeg_encased_lava,
          v_misc_9, v_misc_23, serial_shops, shop, uniq_boris
Vaults:4: v_alt_pattern_1, nicolae_vaults_blade_armed_guards, v_pattern_3,
          nicolae_vaults_shelves_hall, nicolae_vaults_arrows,
          nicolae_vaults_little_squares_1, hangedman_vaults_hat,
          ontoclasm_vaults_idyll, hangedman_vaults_corner,
          hangedman_vaults_trim, v_misc_4
Blade:    uniq_sojobo
Crypt:1:  crypt_curse_skull
Crypt:2:  nicolae_tomb_entry_unfolded_pyramid_diagonal, crypt_curse_skull,
          basic_stair_grate_trap, grunt_megastairs_4, uniq_wiglaf
Crypt:3:  crypt_curse_skull, glass_columns_a, lemuel_hellish_altar
Crypt:4:  st_stairs_3, uniq_mennas
Crypt:5:  evilmike_haunted_forest
Tomb:2:   uniq_khufu
Tomb:3:   uniq_boris
Dis:4:    hangedman_dis_decor_blocks_crown
Dis:6:    hangedman_dis_decor_tower, grunt_megastairs_2, lemuel_elevator
Dis:7:    dis_st
Geh:5:    evilmike_ambush
Geh:7:    evilmike_geh
Coc:2:    serial_ice, serial_ice_l, serial_ice_a, serial_ice_h, serial_ice_d,
          grunt_megastairs_3
Coc:4:    lemuel_elevator
Coc:7:    coc_hangedman
Tar:7:    tar_minmay_river
Zot:1:    lemuel_baited_zot_trap
Zot:4:    grunt_megastairs_1, lemuel_zot_upstairs
Abyss:3:  grunt_abyss_rune_sword_and_sorcery
Abyss:4:  evilmike_abyss_exit_12, bh_abyss_exit_choice
Abyss:5:  minivault_19, evilmike_abyss_rune_elephants, evilmike_abyss_exit_14,
          hangedman_abyss_or_decor_jellyfish_corner,
          hangedman_abyss_or_decor_stabs, minivault_5, minivault_27,
          minivault_28
Pan:      rand_demon_8, pan_blood_fountain, lemuel_hall_of_pain,
          nicolae_pan_gloorx_vloqian_2, rand_demon_9, pan_surprise,
          grunt_pan_sceptre, nicolae_pan_gloorx_vloqian_1, grunt_pan_pentagram,
          evilmike_holy_pan, grunt_pan_pentagram, enter_ziggurat_pan_b,
          evilmike_mini_pan_doors, evilmike_mini_pan_V,
          evilmike_mini_pan_corner, pan_blood_fountain,
          nicolae_pan_lom_lobonic_3, evilmike_mini_pan_corner,
          pan_blood_fountain_small, lom_lobon_spiral_st, rand_demon_6,
          pan_blood_fountain_small, nicolae_pan_gloorx_vloqian_4, rand_demon_7,
          nicolae_pan_double_arrow, mnoleg, pan_blood_fountain,
          enter_ziggurat_pan_d, nicolae_pan_sigil_itan, gloorx_vloq,
          rand_demon_3, rand_demon_3, evilmike_mini_pan_3x3,
          evilmike_mini_pan_V, evilmike_mini_pan_possible_glass,
          evilmike_mini_pan_pillars, grunt_pan_sceptre, pan_blood_fountain_2,
          nicolae_pan_mnolegish_5, cerebov, nicolae_pan_diamonds,
          nicolae_pan_gloorx_vloqian_2, evilmike_mini_pan_3x3,
          grunt_pan_in_and_out, rand_demon_3, grunt_pan_in_and_out,
          pan_blood_fountain_small, grunt_pan_sceptre, nicolae_pan_diamonds,
          nicolae_pan_sigil_eeng, evilmike_mini_pan_pillars, rand_demon_2,
          nicolae_pan_lom_lobonic_2, rand_demon_8, pan_blood_fountain,
          evilmike_mini_pan_corridor, nicolae_pan_sigil_itan, grunt_pan_spiral,
          rand_demon_5, lemuel_hellion_island, nicolae_pan_cerebovesque_3,
          nicolae_pan_sigil_eeng, grunt_pan_in_and_out, rand_demon_8,
          pan_captured_pigsty, evilmike_mini_pan_diamond, evilmike_mini_pan_T,
          pan_blood_fountain_small, nicolae_pan_mnolegish_3,
          nicolae_pan_sigil_nadil, rand_demon_5, evilmike_mini_pan_doors_b,
          nicolae_pan_sigil_uleosi, evilmike_mini_pan_3x3, grunt_pan_pentagram,
          pan_blood_fountain_small, evilmike_mini_pan_diamond,
          pan_blood_fountain_small, rand_demon_8, pan_blood_fountain_small,
          grunt_pan_in_and_out, nicolae_pan_lom_lobonic_4, grunt_pan_in_and_out,
          pan_blood_fountain_small, evilmike_mini_pan_T,
          evilmike_mini_pan_thingy, grunt_pan_pentagram,
          nicolae_pan_lom_lobonic_3, evilmike_mini_pan_possible_glass,
          rand_demon_4, pan_blood_fountain_small, rand_demon_8,
          nicolae_pan_giant_door, pan_blood_fountain_small, enter_ziggurat_pan_c
Zig:3:    ziggurat_pillar_centre_c
Zig:6:    ziggurat_pillar_centre_smoke, ziggurat_loot_3
Zig:9:    ziggurat_pillar_centre_dead_trees
Zig:10:   ziggurat_pillar_centre_k
Zig:12:   ziggurat_pillar_centre_oklobs
Sewer:    sewer_kobolds
IceCv:    ice_cave_small_dragons
Volcano:  volcano_lake
Depths:1: hangedman_geh_valley, hangedman_decor_clover_reticule,
          minmay_misc_feat_more_columns, minmay_misc_feat_chi,
          minmay_item_behind_shaft, grunt_ministairs_7, minmay_misc_feat_doors,
          solitary_fountain, minmay_misc_feat_ornament, minivault_1,
          minmay_misc_feat_roman, grunt_tough_drop
Depths:2: fort_yaktaur, serial_shops, shop, hell_entry, serial_bayou_shore_b
Depths:3: lemuel_ice_statue, grunt_pan_entry_spiral, serial_shops,
          nicolae_shop_crystal, serial_bayou_ford_a, grunt_hell_entry_dis_old,
          ice2_lemuel, uniq_enchantress, uniq_frederick
Depths:4: grunt_profane_halls, hell_entry, abyss_entry, uniq_jory, uniq_mara
Depths:5: grunt_zot_entry_pinwheel, abyss_entry_small_statue_room,
          serial_bayou_shore_b, hangedman_tar_grid_catacomb,
          grunt_decor_mini_mirrors, st_stairs_1
